 Dungeon Crawl Stone Soup version 0.31-a0-1-g4198be8af4 (webtiles) character file.

Game seed: 12099820438347817360

179 GloriousHammer the Sneak (level 5, -3/28 HPs)
             Began as a Vampire Enchanter on May 1, 2023.
             Slain by Blork the orc
             ... wielding a +0 war axe
              (8 damage)
             ... on level 4 of the Dungeon.
             The game lasted 00:10:55 (3783 turns).

GloriousHammer the Sneak (Vampire Enchanter)        Turns: 3783, Time: 00:10:56

Health: -3/28      AC:  0    Str:  5 (7)  XL:     5   Next: 32%
Magic:  7/9        EV: 19    Int: 13 (17) God:
Gold:   337        SH:  0    Dex: 20 (22) Spells: 1/10 levels left

rFire   . . .        a - melded +1 dagger
rCold   + + .        x - melded +0 buckler
rNeg    + + +        y - melded +0 leather armour
rPois   ∞            (helmet currently unavailable)
rElec   .            (cloak currently unavailable)
rCorr   .            s - melded +2 pair of gloves
SInv    +            (boots currently unavailable)
Will    .....        (no amulet)
Stlth   ++++++       Z - melded ring of wizardry
HPRegen 0.00/turn    (ring currently unavailable)
MPRegen 0.11/turn

%: no passive effects
@: bat-form, flying, bloodless, inhibited regen, very quick
A: fast, flying, no casting, tiny, bloodless, fangs 3, see invisible, vampiric 2
a: Revivify, End Transformation


You were on level 4 of the Dungeon.
You were a vampire bat.
You visited 1 branch of the dungeon, and saw 4 of its levels.

You collected 337 gold pieces.

Inventory:

Hand Weapons
 a - a +1 dagger (melded)
 b - a +0 short sword
 o - a +0 war axe of distortion
 t - a +0 sling
Missiles
 j - 16 stones
 k - 2 atropa-tipped darts (quivered)
Armour
 s - a +2 pair of gloves (melded)
 x - a +0 buckler (melded)
 y - a +0 leather armour (melded)
Jewellery
 C - a ring of ice
 Z - a ring of wizardry (melded)
Wands
 q - a wand of roots (2)
Scrolls
 d - a scroll of identify {unknown}
 f - 2 scrolls of amnesia {unknown}
 l - 2 scrolls of teleportation {unknown}
 p - a scroll of blinking {unknown}
 r - a scroll of acquirement {unknown}
 w - a scroll of summoning {unknown}
 z - a scroll of fear {unknown}
Potions
 c - 5 potions of invisibility
 e - a potion of flight {unknown}
 g - 2 potions of berserk rage {unknown}
 h - a potion of lignification {unknown}
 i - 2 potions of haste {unknown}
 m - a potion of curing {unknown}
 n - a potion of resistance {unknown}
 u - a potion of attraction {unknown}
 v - a potion of brilliance {unknown}


   Skills:
 + Level 3.0 Short Blades
 - Level 2.1 Dodging
 + Level 6.2 Stealth
 + Level 0.1 Shields
 - Level 3.0 Spellcasting
 + Level 5.8 Hexes


You had one spell level left.
You knew the following spells:

 Your Spells              Type           Power      Damage    Failure   Level
a - Confusing Touch       Hex            17%        N/A       6%          3
b - Tukima's Dance        Hex            17%        N/A       6%          3
c - Dazzling Flash        Conj/Hex       18%        N/A       22%         3

Your spell library contained the following spells:

 Spells                   Type           Power      Damage    Failure   Level
 Ensorcelled Hibernation  Hex/Ice        18%        N/A       11%         2


Dungeon Overview and Level Annotations

Branches:
Dungeon (4/15)
 Temple: D:4-7

Altars:

Annotations:
D:4 Blork the orc


Innate Abilities, Weirdness & Mutations

You are a vampire bat.
You are tiny and dextrous.
You move quickly.
You are flying.
You are immune to poison.
Your equipment is almost entirely melded.
You are incapable of wielding weapons or throwing items.
You cannot cast spells.
You do not regenerate when monsters are visible.
You are frail without blood (-20% HP).
You can heal yourself when you bite living creatures.
You are immune to poison.
You have razor-sharp teeth.
You have supernaturally acute eyesight. (SInv)
You are afflicted with vampirism and can become a bat while bloodless.


Message History

You kill the ball python!
You see here a ball python corpse.
Found a leather armour.
Found an escape hatch in the ceiling.
A hobgoblin comes into view.
The hobgoblin shouts!
You hear a shout!
The hobgoblin barely misses you.
An ufetubus comes into view.
You hit the hobgoblin. You bite the hobgoblin.
You kill the hobgoblin!
The ufetubus hits you but does no damage.
The ufetubus closely misses you.
You hit the ufetubus. Your bite misses the ufetubus.
The ufetubus is moderately wounded.
The ufetubus hits you but does no damage.
You block the ufetubus's attack.
You closely miss the ufetubus.
The ufetubus is moderately wounded.
The ufetubus barely misses you. You block the ufetubus's attack.
The ufetubus barely misses you. x2
You barely miss the ufetubus.
The ufetubus is moderately wounded.
The ufetubus closely misses you.
The ufetubus hits you but does no damage.
You hit the ufetubus but do no damage.
The ufetubus is moderately wounded.
The ufetubus misses you. The ufetubus barely misses you.
You barely miss the ufetubus.
You bite the ufetubus, but do no damage.
The ufetubus is moderately wounded.
The ufetubus hits you. You block the ufetubus's attack. The ufetubus hits you.
The ufetubus hits you but does no damage.
You closely miss the ufetubus.
The ufetubus is moderately wounded.
The ufetubus hits you but does no damage.
The ufetubus hits you.
You barely miss the ufetubus. Your bite misses the ufetubus.
The ufetubus is moderately wounded.
The ufetubus hits you but does no damage.
The ufetubus barely misses you. The ufetubus completely misses you.
The ufetubus hits you but does no damage.
z - a +0 short sword (weapon)
The ufetubus misses you. The ufetubus closely misses you.
You closely miss the ufetubus.
The ufetubus is moderately wounded.
The ufetubus barely misses you. x2
You barely miss the ufetubus.
The ufetubus is moderately wounded.
The ufetubus misses you. The ufetubus barely misses you.
You hit the ufetubus but do no damage.
The ufetubus is moderately wounded.
You block the ufetubus's attack.
The ufetubus hits you but does no damage.
The ufetubus barely misses you. The ufetubus closely misses you.
You closely miss the ufetubus.
The ufetubus is moderately wounded.
The ufetubus barely misses you. The ufetubus hits you.
You hit the ufetubus.
The ufetubus is almost dead.
The ufetubus hits you. You block the ufetubus's attack.
You hit the ufetubus.
You kill the ufetubus!
Your Short Blades skill increases to level 3!
You start resting.
HP restored.
You start waiting.
Done waiting.
Adjust to which letter? (? for menu, Esc to quit)
b - a +0 short sword (weapon);
z - a scroll labelled XOYBLY PELOORO
a - a +1 dagger (weapon)
There is an escape hatch in the ceiling here.
You now have 337 gold pieces (gained 14).
Found a flail.
Blork the orc comes into view.
He is wielding a +0 war axe.
Blork the orc shouts!
A scorpion comes into view.
You barely miss Blork the orc.
Blork the orc gestures at you while chanting.
The magic dart hits you!
Throw: 3 darts (atropa)
Press: ? - help, Q - select action, (/) - cycle Shift-Dir - straight line, f - Blork the orc
Aim: Blork the orc, wielding a +0 war axe and wearing a +0 robe (63% to hit, chance to blind on hit: 87%)
You throw an atropa-tipped dart.
The atropa-tipped dart hits Blork the orc.
Blork the orc appears confused.
Blork the orc hits you with a +0 war axe!
You hit Blork the orc.
Blork the orc is lightly wounded.
Blork the orc seems less confused.
Blork the orc casts a spell at you. The puff of flame hits you.
* * * LOW HITPOINT WARNING * * *
You turn into a vampire bat.
Your +1 dagger melds into your body.
Your +2 pair of gloves melds into your body.
Your +0 buckler melds into your body.
Your +0 leather armour melds into your body.
Your ring of wizardry melds into your body.
You feel weakened.
You feel dopey.
You feel clumsy.
Blork the orc hits you with a +0 war axe!
You die...

#.##. #...## ###...#
#..## ##.....## #..#
##...#...# ##.##
.........########..#####
........................
..........#######.......
..........# ##......
.......b..# #.###..
.......o......# #.# #..
............... #.# #..
..........s..... #.# #..
................ #.# ##.
................ ... #.
................ ....###
............... .).....
.....


You could see Blork the orc (blind) and a scorpion.

Vanquished Creatures
  A hound (D:3)
  Terence (D:2)
  3 gnolls (D:2)
  2 adders (D:2)
  An ufetubus (D:4)
  A worm (D:2)
  A dart slug (D:2)
  An orc (D:3)
  11 ball pythons
  4 endoplasms
  4 giant cockroaches
  5 goblins
  6 hobgoblins
  4 jackals (D:1)
  2 kobolds
  2 quokkas (D:1)
  5 bats
  A frilled lizard (D:2)
  3 rats
58 creatures vanquished.

Vanquished Creatures (collateral kills)
  A gnoll (D:2)
1 creature vanquished.

Vanquished Creatures (others)
  3 dancing weapons (D:2)
  A plant (D:1)
4 creatures vanquished.

Grand Total: 63 creatures vanquished

Notes
Turn   | Place    | Note
-------+----------+-------------------------------------------
     0 | D:1      | GloriousHammer the Vampire Enchanter began the quest for
                  | the Orb.
     0 | D:1      | Reached XP level 1. HP: 13/13 MP: 3/3
   306 | D:1      | Reached XP level 2. HP: 9/15 MP: 5/5
   744 | D:1      | Found a faded altar of an unknown god.
   859 | D:1      | Reached skill level 5 in Stealth
  1210 | D:2      | Gained mutation: You are afflicted with vampirism and can
                  | become a bat while bloodless. [Vampire growth]
  1210 | D:2      | Reached XP level 3. HP: 16/19 MP: 6/6
  1242 | D:2      | Noticed Terence
  1256 | D:2      | Killed Terence
  1257 | D:2      | Reached skill level 5 in Hexes
  1466 | D:2      | Learned a level 3 spell: Confusing Touch
  1481 | D:2      | Learned a level 3 spell: Tukima's Dance
  1759 | D:2      | Reached XP level 4. HP: 24/24 MP: 7/7
  2807 | D:3      | Reached XP level 5. HP: 25/28 MP: 9/9
  3268 | D:3      | Reached skill level 6 in Stealth
  3432 | D:3      | Learned a level 3 spell: Dazzling Flash
  3776 | D:4      | Noticed Blork the orc
  3783 | D:4      | Slain by Blork the orc

Illustrated notes

Levels and vault maps discovered:
D:1:      lemuel_arrival_muddy, layout_basic,
          shapermc_ecumenical_altar_flowoftime, minmay_misc_feat_plants
D:2:      layout_basic, uniq_terence
D:3:      layout_basic, grunt_ministairs_9
D:4:      layout_layer_cave, mainiacjoe_overflow_alcove_3,
          kennysheep_cross_bottleneck, uniq_blork_the_orc, uniq_menkaure

Skill      XL: |  1  2  3  4  5 |
---------------+----------------+-----
Stealth        | 5 6 |  6.2
Short Blades   | 2 3 |  3.0
Hexes          | 5 |  5.8
Spellcasting   | 3 |  3.0
Dodging        | |  2.1
Shields        | |  0.1

Action                     |  1- 3 |  4- 6 || total
---------------------------+-------+-------++-------
  Melee: Dagger            |   105 |    78 ||   183
         Bite              |     5 |    12 ||    17
         Punch             |     2 |     2 ||     4
         Short sword       |       |     6 ||     6
  Throw: Dart              |     1 |     2 ||     3
         Stone             |       |     1 ||     1
   Cast: Tukima's Dance    |       |     4 ||     4
Ability: Exsanguinate      |     1 |       ||     1
         Bat Form          |       |     2 ||     2
         End Transformatio |       |     1 ||     1
  Evoke: Wand              |       |     1 ||     1
   Stab: Sleeping          |     9 |    10 ||    19
         Distracted        |     1 |       ||     1
 Armour: Robe              |    18 |    16 ||    34
         Leather armour    |       |     8 ||     8
  Dodge: Dodged            |    75 |    53 ||   128
  Block: Buckler           |       |     5 ||     5

Table legend: (Time is in decaauts)
 A = Elapsed time spent in this place.
 B = Non-inter-level travel time spent in this place.
 C = Inter-level travel time spent in this place.
 D = Time resting spent in this place.
 E = Time spent auto-exploring this place.
 F = Levels seen in this place.
 G = Mean time per level.
                   A        B        C        D        E       F      G
               +--------+--------+--------+--------+--------+-----+--------+
         Total |   3733 |   3581 |    152 |    767 |   1727 |   4 |  933.2 |
       Dungeon |   3733 |   3581 |    152 |    767 |   1727 |   4 |  933.2 |
               +--------+--------+--------+--------+--------+-----+--------+

Top non-repeatable levels by time:
     D:2: 1274 daAuts
     D:1: 1184 daAuts
     D:3: 935 daAuts
     D:4: 339 daAuts
